 Dungeon Crawl Stone Soup version 0.24.0-2-g5b39cebb1c (webtiles) character file.

Game seed: 15707117072419700650, levelgen mode: deterministic

66 Nivan the Conjurer (level 3, -8/27 HPs)
             Began as a Draconian Conjurer on Oct 30, 2019.
             Mangled by a worm (10 damage)
             ... on level 2 of the Dungeon.
             The game lasted 00:06:03 (1683 turns).

Nivan the Conjurer (Draconian Conjurer)             Turns: 1683, Time: 00:06:04

Health: -8/27      AC:  5    Str: 10    XL:     3   Next: 96%
Magic:  1/6        EV: 11    Int: 16    God:
Gold:   59         SH:  6    Dex: 11    Spells: 5/6 levels left

rFire    . . .     SeeInvis .   d - +0 dagger
rCold    . . .     Gourm    .   i - +0 buckler
rNeg     . . .     Faith    .   (armour unavailable)
rPois    .         Spirit   .   (helmet restricted)
rElec    .         Reflect  +   (no cloak)
rCorr    .         Harm     .   (no gloves)
MR       .....                  (no boots)
Stlth    ++........             g - +3 amulet of reflection
HPRegen  0.09/turn              (no ring)
MPRegen  0.10/turn              (no ring)

@: no status effects
A: unfitting armour, cold-blooded, AC +5
a: no special abilities


You were on level 2 of the Dungeon.
You were very hungry.

You visited 1 branch of the dungeon, and saw 2 of its levels.

You collected 59 gold pieces.

Inventory:

Hand Weapons
 d - a +0 dagger (weapon)
Armour
 i - a +0 buckler (worn)
Jewellery
 g - a +3 amulet of reflection (around neck)
 h - a cursed amulet of inaccuracy {unknown}
Scrolls
 a - 2 scrolls of identify {unknown}
 c - a scroll of fear {unknown}
 e - 2 scrolls of teleportation {unknown}
 f - a scroll of amnesia {unknown}
 j - a scroll of fog {unknown}
Comestibles
 b - 5 rations


   Skills:
 + Level 0.5 Fighting
 + Level 2.3 Dodging
 + Level 1.9 Stealth
 + Level 2.3 Spellcasting
 + Level 5.0 Conjurations


You had 5 spell levels left.
You knew the following spells:

 Your Spells              Type           Power        Failure   Level  Hunger
a - Magic Dart            Conj           ###.         4%          1    #......

Your spell library contained the following spells:

 Spells                   Type           Power        Failure   Level  Hunger
 Searing Ray              Conj           ###...       6%          2    ###....
 Dazzling Spray           Conj/Hex       #.....       34%         3    ###....
 Iskenderun's Mystic Bla  Conj           ###.....     38%         4    #####..
 Force Lance              Conj/Tloc      #.......     75%         4    #####..
 Fulminant Prism          Conj/Hex       #.........   75%         4    #####..


Dungeon Overview and Level Annotations

Branches:
Dungeon (2/15)

Altars:
Hepliaklqana
Trog


Innate Abilities, Weirdness & Mutations

Your plain brown scales are hard. (AC +5)
You cannot fit into any form of body armour.
You are cold-blooded and may be slowed by cold attacks.


Message History

You barely miss the worm.
The worm is heavily wounded.
You are feeling very hungry.
The worm bites you!
* * * LOW HITPOINT WARNING * * *
You hit the worm but do no damage.
The worm is heavily wounded.
You hit the worm.
The worm is severely wounded.
The worm bites you.
* * * LOW HITPOINT WARNING * * *
Casting: Magic Dart (safe; 4% risk of failure)
Confirm with . or Enter, or press ? or * to list all spells.
Aiming: Magic Dart (safe; 4% risk of failure)
Press: ? - help, Shift-Dir - straight line, f/p - worm
Aim: a worm (heavily wounded)
The magic dart hits the worm.
The worm is almost dead.
The worm bites you!
You die...

#............#
####.####.####..#######
#....##.....##........#
#....#......[#.######.####
#....#.......#.##.........
#........_.....##.........
#..(.#.......#............
#....#.......#........####
#....##..@..##........# #
#....####w####.......## #
#....................#####
#...[......##.#####.##....
#..............>........##
#........######.###.##..#<
#........# #. #.....#.
##.......# #.#######.#.
##......######...........


You could see a worm.

Vanquished Creatures
  2 adders (D:2)
  2 dart slugs (D:1)
  2 leopard geckos
  3 giant cockroaches
  3 goblins
  8 hobgoblins
  3 jackals
  A quokka (D:2)
  4 bats
  4 frilled lizards
  A giant cockroach zombie (D:2)
  3 kobolds
  5 rats
41 creatures vanquished.

Notes
Turn   | Place    | Note
-------+----------+-------------------------------------------
     0 | D:1      | Nivan the Draconian Conjurer began the quest for the Orb.
     0 | D:1      | Reached XP level 1. HP: 14/14 MP: 3/3
   159 | D:1      | Reached XP level 2. HP: 17/20 MP: 0/5
   734 | D:1      | Reached XP level 3. HP: 26/26 MP: 0/6
  1467 | D:2      | Found a hazy altar of Hepliaklqana.
  1581 | D:2      | Found a bloodstained altar of Trog.
  1591 | D:2      | Reached skill level 5 in Conjurations
  1683 | D:2      | Mangled by a worm

Levels and vault maps discovered:
D:1:      dpeg_chamrin_arrival_tetris, layout_basic, minmay_liquid_box,
          st_stairs_9
D:2:      minmay_razor_zed, layout_basic, old_standard_altar,
          lemuel_round_altar, chequers_ecumenical_altar_twisty, first_ration

Skill      XL: |  1  2  3 |
---------------+----------+-----
Dodging        | 2 |  2.3
Conjurations   | 5 |  5.0
Fighting       | |  0.5
Stealth        | |  1.9
Spellcasting   | |  2.3

Action                   || total
-------------------------++-------
Melee: Unarmed           ||    21
       Tailslap          ||     3
       Dagger            ||    35
 Cast: Magic Dart        ||    97
  Eat: Chunk             ||     3
Armor: Skin              ||    34
Dodge: Dodged            ||    76
Block: Buckler           ||     5
